 Dungeon Crawl Stone Soup version 0.28.0 (webtiles) character file.

Game seed: 10449510563085580727

1703230 mitch45678 the Slayer (level 27, 141/167 (172) HPs)
             Began as a Barachi Conjurer on Feb 13, 2022.
             Was a High Priest of Okawaru.
             Escaped with the Orb
             ... and 3 runes on Feb 14, 2022!
             The game lasted 05:56:51 (66037 turns).

mitch45678 the Slayer (Barachi Conjurer)           Turns: 66037, Time: 05:56:52

HP:   141/167 (172) AC: 47    Str: 22    XL:     27
MP:   32/32         EV: 17    Int: 13    God:    Okawaru [*****.]
Gold: 4038          SH: 29    Dex: 22    Spells: 17/30 levels left

rFire   + + +      SeeInvis .   a - +7 broad axe (vorpal)
rCold   + + .      Faith    .   J - +5 tower shield of Naoch {Will+}
rNeg    + . .      Spirit   .   f - +9 crystal plate armour "Ovafragg" {+Inv rF+++ rC+ Stlth-}
rPois   +          Reflect  .   C - +2 hat "Dapu" {rN+ Int-3 Dex+3}
rElec   .          Harm     .   M - +1 cloak of Impermeability {Dex+2}
rCorr   +          Rampage  .   o - +0 pair of gloves "Gul Guwk" {rF+ rC+ Str+4 Int-3}
Will    ++++.      Rage     1%  x - +0 pair of boots of Okawaru's Whim {+Inv Dex+2 Stlth+}
Stlth   ..........              R - amulet "Taekh" {Acrobat Will+ Regen+}
HPRegen 1.17/turn               P - ring of poison resistance
MPRegen 0.23/turn               O - ring "Ridiypp" {rCorr Str+3 Dex+3}

@: studying 2 skills, lightly drained, slow
A: amphibious, slowness 1, strong legs 2, +LOS, berserk 1, dopey 1, frail 3,
screaming 1, weak 2, subdued magic 1, devolution 1
0: Orb of Zot
}: 3/15 runes: decaying, serpentine, silver
a: Hop, Renounce Religion, Evoke Invisibility, Heroism, Finesse, Duel


You escaped.
You worshipped Okawaru.
Okawaru was extremely pleased with you.
You visited 12 branches of the dungeon, and saw 53 of its levels.
You visited the Abyss 2 times.
You visited 1 bazaar.
You also visited: Gauntlet and Ice Cave.

You collected 6597 gold pieces.
You spent 2559 gold pieces at shops.


Innate Abilities, Weirdness & Mutations

You are amphibious.
You cover ground slowly.
You can hop long distances.
You have an extended range of vision and can be seen from far away.
You tend to lose your temper in combat.
You are dopey. (Int -2)
You are extremely frail. (-30% HP)
You occasionally shout uncontrollably at your foes.
You are very weak. (Str -4)
Your spells are a little easier to cast, but a little less powerful.
You have hidden genetic defects.


   Skills:
 + Level 26.9 Fighting
 - Level 4.0 Short Blades
 - Level 22.0 Axes
 - Level 3.0 Throwing
 - Level 24.2 Armour
 - Level 22.0 Dodging
 - Level 1.7 Stealth
 - Level 22.0 Shields
 - Level 2.1 Spellcasting
 - Level 4.3 Conjurations
 - Level 6.0 Transmutations
 - Level 12.0 Invocations
 - Level 3.0 Evocations


You had 17 spell levels left.
You knew the following spells:

 Your Spells              Type           Power      Damage    Failure   Level
a - Magic Dart            Conj           36%        1d4       61%         1
b - Searing Ray           Conj           18%        2d5       77%         2
c - Slow                  Hex            4%         N/A       99%         1
d - Dazzling Flash        Conj/Hex       10%        N/A       99%         3
e - Ensorcelled Hibernat  Hex/Ice        2%         N/A       100%        2
k - Blink                 Tloc           2%         N/A       100%        2
z - Wereblood             Tmut           13%        N/A       52%         2

Your spell library contained the following spells:

 Spells                   Type           Power      Damage    Failure   Level
 Beastly Appendage        Tmut           26%        N/A       38%         1
 Sting                    Tmut/Pois      28%        1d4       82%         1
 Foxfire                  Conj/Fire      20%        2x1d5     90%         1
 Passwall                 Tmut/Erth      5%         N/A       92%         2
 Static Discharge         Conj/Air       5%         N/A       97%         2
 Pain                     Necr           4%         1d4       99%         1
 Sandblast                Erth           2%         2d4       99%         1
 Spider Form              Tmut/Pois      7%         N/A       99%         3
 Stone Arrow              Conj/Erth      10%        3d7       99%         3
 Corpse Rot               Necr/Air       2%         N/A       100%        2
 Poisonous Vapours        Pois/Air       2%         N/A       100%        2
 Scorch                   Fire           2%         2d5       100%        2
 Sublimation of Blood     Necr           1%         N/A       100%        2
 Confusing Touch          Hex            1%         N/A       100%        3
 Gell's Gravitas          Tloc           1%         N/A       100%        3
 Ignite Poison            Fire/Tmut/Pois 5%         N/A       100%        3
 Lesser Beckoning         Tloc           1%         N/A       100%        3
 Mephitic Cloud           Conj/Pois/Air  4%         N/A       100%        3
 Portal Projectile        Hex/Tloc       2%         N/A       100%        3
 Swiftness                Air            1%         N/A       100%        3
 Teleport Other           Tloc           1%         N/A       100%        3
 Vampiric Draining        Necr           1%         2d6       100%        3
 Airstrike                Air            0%         N/A       100%        4
 Anguish                  Hex/Necr       0%         N/A       100%        4
 Cause Fear               Hex            0%         N/A       100%        4
 Dispel Undead            Necr           1%         3d6       100%        4
 Flame Wave               Conj/Fire      5%         2d5       100%        4
 Fulminant Prism          Conj/Hex       2%         3d6       100%        4
 Hailstorm                Conj/Ice       5%         3d4       100%        4
 Iskenderun's Mystic Bla  Conj/Tloc      5%         2d3       100%        4
 Leda's Liquefaction      Hex/Erth       0%         N/A       100%        4
 Petrify                  Tmut/Erth      7%         N/A       100%        4
 Sticky Flame             Conj/Fire      5%         2d3       100%        4
 Alistair's Intoxication  Tmut/Pois      4%         N/A       100%        5
 Blade Hands              Tmut           6%         N/A       100%        5
 Borgnjor's Vile Clutch   Necr/Erth      0%         N/A       100%        5
 Excruciating Wounds      Necr           0%         N/A       100%        5
 Fireball                 Conj/Fire      2%         3d4       100%        5
 Freezing Cloud           Conj/Ice/Air   2%         6-21      100%        5
 Irradiate                Conj/Tmut      5%         3d15      100%        5
 Iskenderun's Battlesphe  Conj           9%         2d6       100%        5
 Lee's Rapid Deconstruct  Erth           0%         3d5*      100%        5
 Lightning Bolt           Conj/Air       2%         1d14      100%        5
 Silence                  Hex/Air        0%         N/A       100%        5
 Conjure Ball Lightning   Conj/Air       2%         3x3d6     100%        6
 Dispersal                Tloc           0%         N/A       100%        6
 Eringya's Noxious Bog    Tmut/Pois      3%         N/A       100%        6
 Iron Shot                Conj/Erth      2%         9d2       100%        6
 Starburst                Conj/Fire      2%         6d3       100%        6
 Statue Form              Tmut/Erth      4%         N/A       100%        6
 Dragon Form              Tmut           6%         N/A       100%        7
 Enfeeble                 Hex            0%         N/A       100%        7
 Orb of Destruction       Conj           4%         9d5       100%        7
 Storm Form               Tmut/Air       3%         N/A       100%        7
 Discord                  Hex            0%         N/A       100%        8
 Disjunction              Tloc           0%         N/A       100%        8
 Ignition                 Fire           0%         3d3       100%        8
 Maxwell's Capacitive Co  Air            0%         ∞         100%        8
 Animate Skeleton         Necr           Unusable   N/A       N/A         1
 Summon Guardian Golem    Hex/Summ       Unusable   N/A       N/A         3
 Summon Ice Beast         Ice/Summ       Unusable   N/A       N/A         4
 Summon Lightning Spire   Summ/Air       Unusable   N/A       N/A         4
 Summon Mana Viper        Hex/Summ       Unusable   N/A       N/A         5
 Death Channel            Necr           Unusable   N/A       N/A         6
 Summon Cactus Giant      Summ           Unusable   N/A       N/A         6
 Haunt                    Necr/Summ      Unusable   N/A       N/A         7
 Spellforged Servitor     Conj/Summ      Unusable   N/A       N/A         7
 Dragon's Call            Summ           Unusable   N/A       N/A         9

Inventory:

Hand Weapons
 a - a +7 vorpal broad axe (weapon)
   (You took it off a hell knight on level 2 of the Depths)
 b - the +4 broad axe of Suicidal Tendencies {vorpal, rElec rF- Int+4 Stlth+}
   (You found it on level 13 of the Dungeon)

   It inflicts extra damage upon your enemies.
   Int:       It affects your intelligence (+4).
   rF:        It makes you vulnerable to fire.
   rElec:     It insulates you from electricity.
   Stlth:     It makes you more stealthy.
Missiles
 e - 14 silver javelins
 p - 16 javelins (quivered)
 Q - 8 throwing nets
Armour
 d - the +2 hood of the Assassin {Detection Stab+ Stlth++}
   (You found it on level 14 of the Dungeon)

   It allows the wearer to sense nearby creatures.
   It allows the wearer to make particularly effective stabbing attacks against
   helpless or unaware enemies with any weapon.
   Stlth:     It makes you much more stealthy.
 f - the +9 crystal plate armour "Ovafragg" (worn) {+Inv rF+++ rC+ Stlth-}
   (Okawaru gifted it to you on level 3 of the Crypt)

   rF:        It renders you almost immune to fire.
   rC:        It protects you from cold.
   +Inv:      It lets you turn invisible.
   Stlth:     It makes you less stealthy.
 o - the +0 pair of gloves "Gul Guwk" (worn) {rF+ rC+ Str+4 Int-3}
   (You found it on level 3 of the Vaults)

   Str:       It affects your strength (+4).
   Int:       It affects your intelligence (-3).
   rF:        It protects you from fire.
   rC:        It protects you from cold.
 x - the +0 pair of boots of Okawaru's Whim (worn) {+Inv Dex+2 Stlth+}
   (Okawaru gifted it to you on level 2 of the Realm of Zot)

   Dex:       It affects your dexterity (+2).
   +Inv:      It lets you turn invisible.
   Stlth:     It makes you more stealthy.
 C - the +2 hat "Dapu" (worn) {rN+ Int-3 Dex+3}
   (Okawaru gifted it to you on level 1 of the Elven Halls)

   Int:       It affects your intelligence (-3).
   Dex:       It affects your dexterity (+3).
   rN:        It protects you from negative energy.
 J - the +5 tower shield of Naoch (worn) {Will+}
   (Okawaru gifted it to you on level 3 of the Vaults)

   Will:      It increases your willpower.
 M - the +1 cloak of Impermeability (worn) {Dex+2}
   (You bought it in a shop on level 8 of the Dungeon)

   Dex:       It affects your dexterity (+2).
Jewellery
 E - the amulet of the Priest {Reflect rElec rF- rC++ Slay+3 SH+5}
   (You found it on level 2 of the Crypt)

   [amulet of reflection]

   It reflects blocked missile attacks.
   Slay:      It affects your accuracy & damage with ranged weapons and melee
   (+3).
   rF:        It makes you vulnerable to fire.
   rC:        It greatly protects you from cold.
   rElec:     It insulates you from electricity.
   SH:        It affects your SH (+5).
 F - the ring "Adwekh" {rF++ Str+6 Int+5}
   (You found it in a Gauntlet)

   [ring of strength]

   Str:       It affects your strength (+6).
   Int:       It affects your intelligence (+5).
   rF:        It greatly protects you from fire.
 N - the ring of Ixaujomp {rN+ Str+3}
   (You found it on level 3 of the Crypt)

   [ring of positive energy]

   Str:       It affects your strength (+3).
   rN:        It protects you from negative energy.
 O - the ring "Ridiypp" (right hand) {rCorr Str+3 Dex+3}
   (You acquired it on level 10 of the Dungeon)

   [ring of resist corrosion]

   Str:       It affects your strength (+3).
   Dex:       It affects your dexterity (+3).
   rCorr:     It protects you from acid and corrosion.
 P - a ring of poison resistance (left hand)
   (You found it on level 6 of the Dungeon)
 R - the amulet "Taekh" (around neck) {Acrobat Will+ Regen+}
   (You took it off a deep elf death mage on level 3 of the Elven Halls)

   [amulet of the acrobat]

   It increases your evasion while moving and waiting.
   Regen:     It increases your rate of health regeneration.
   Will:      It increases your willpower.
 V - the ring of Xom's Best Wishes {rN+ Str-2 Dex+9}
   (You found it on level 3 of the Crypt)

   [ring of positive energy]

   Str:       It affects your strength (-2).
   Dex:       It affects your dexterity (+9).
   rN:        It protects you from negative energy.
 W - the ring of Angaschass {Will+ Int+3 SInv}
   (You found it on level 3 of the Crypt)

   [ring of see invisible]

   Int:       It affects your intelligence (+3).
   SInv:      It lets you see invisible.
   Will:      It increases your willpower.
 Y - the ring "Juna Liu" {rF+ rN+ MP+9 Int+3 Stlth-}
   (You found it on level 3 of the Crypt)

   [ring of positive energy]

   Int:       It affects your intelligence (+3).
   rF:        It protects you from fire.
   rN:        It protects you from negative energy.
   MP:        It affects your magic capacity (+9).
   Stlth:     It makes you less stealthy.
Wands
 c - a wand of iceblast (38)
   (You found it on level 1 of the Lair of Beasts)
 l - a wand of acid (28)
   (You found it on level 1 of the Lair of Beasts)
 r - a wand of mindburst (11)
   (You found it on level 3 of the Swamp)
 L - a wand of digging (36)
   (You found it on level 1 of the Lair of Beasts)
Scrolls
 j - 23 scrolls of teleportation
 s - 10 scrolls of fear
 v - 7 scrolls of blinking
 y - 6 scrolls of enchant armour
 z - 11 scrolls of fog
 S - a scroll of silence
Potions
 h - 2 potions of invisibility
 i - a potion of magic
 k - 17 potions of curing
 m - 4 potions of cancellation
 w - 6 potions of might
 B - 5 potions of resistance
 D - 7 potions of heal wounds
 G - 10 potions of mutation {!q}
 U - 7 potions of flight
Miscellaneous
 u - a tin of tremorstones (2/2)
   (You found it on level 3 of the Crypt)
 K - a phial of floods
   (You found it on level 6 of the Lair of Beasts)
 X - a lightning rod (4/4)
   (You found it on level 3 of the Swamp)
 Z - a condenser vane
   (You found it on level 3 of the Lair of Beasts)

Dungeon Overview and Level Annotations

Branches:
Dungeon (15/15)            Temple (1/1) D:4            Lair (6/6) D:11
  Swamp (4/4) Lair:3        Snake (4/4) Lair:3        Slime (0/5) Lair:5
    Orc (2/2) D:9             Elf (3/3) Orc:2        Vaults (5/5) D:13
  Crypt (3/3) Vaults:2       Tomb (1/3) Crypt:3      Depths (4/4) D:15
    Zot (5/5) Depths:4      IceCv (visited)         Gauntlet (visited)

Altars:
Ashenzari
Cheibriados
Dithmenos
Elyvilon
Fedhas
Gozag
Hepliaklqana
Kikubaaqudgha
Makhleb
Nemelex Xobeh
Okawaru
Qazlal
Ru
Sif Muna
Trog
Uskayaw
Vehumet
Wu Jian
Xom
Yredelemnul
Zin
The Shining One
Beogh

Shops:
D:4 ?   D:8 *   D:9 [   D:13 :?   D:15 (   Orc:1 *   Orc:2 ([[*   Snake:2 (
Snake:4 *   Depths:3 *

Portals:
Hell: Depths:1 Depths:2 Depths:3 Depths:4
Abyss: Depths:1 Depths:2 Depths:3 Depths:4
Pandemonium: Depths:1 Depths:2 Depths:3

Annotations:
D:3 Grinder
D:8 exclusion: downstairs
D:9 Erolcha
D:12 1 runed translucent door, cowsai's ghost, novice DECj
Lair:5 exclusion: downstairs
Elf:2 5 runed translucent doors
Elf:3 1 runed translucent door, hito's ghost, veteran HOCA
Depths:1 3 runed translucent doors, Qiwept's ghost, veteran BaIE
Depths:3 exclusions: 2 shining eyes and 2 more exclusions
Zot:4 4 exclusions


Message History

* * * LOW HITPOINT WARNING * * *
You slash the Brimstone Fiend!
You kill the Brimstone Fiend!
Okawaru accepts your kill.
There is a stone staircase leading up here.
You start resting.
Your hands slow down.
Magic restored.
You start resting.
You feel like a meek peon again.
You ribbit at Mikhuff!
A Mikhuff, a small abomination and an ice devil come into view.
You ribbit at the small abomination!
You climb upwards.
Level annotation: Grinder
There is a stone staircase leading down here.
(D) Dungeon (T) Temple (L) Lair (S) Swamp (P) Snake Pit (M) Slime Pits (O) Orcish Mines (E) Elven Halls (V) Vaults (C) Crypt (W) Tomb (U) Depths (H) Hell (Z) Zot
Where to? (Enter - D:1, ? - help)
A Tzitzimitl comes into view.
You see here a +0 club.
The Tzitzimitl gestures at you. The bolt of negative energy hits you!!
You partially resist.
You feel drained.
You see here a +0 dagger.
There is a stone staircase leading up here.
You climb upwards.
There is a stone staircase leading down here.
(D) Dungeon (T) Temple (L) Lair (S) Swamp (P) Snake Pit (M) Slime Pits (O) Orcish Mines (E) Elven Halls (V) Vaults (C) Crypt (W) Tomb (U) Depths (H) Hell (Z) Zot
Where to? (Enter - D:1, ? - help)
There is a stone staircase leading up here.
You climb upwards.
There is a stone staircase leading down here.
There is a staircase leading out of the dungeon here.
You have escaped!

There were no monsters in sight!

Vanquished Creatures
  A dread lich (Zot:5)
  3 ancient liches
  5 orbs of fire
  2 juggernauts (Depths:4)
  The ghost of rgbqcd the Executioner, a veteran MiBe of Trog (Vaults:3)
  2 Killer Klowns (Zot:5)
  3 curse toes
  4 golden dragons
  Saint Roka (Crypt:2)
  Nikola (Snake:3)
  2 electric golems
  2 Brimstone Fiends
  A bone dragon (Depths:4)
  A Hell Sentinel (D:7)
  14 tentacled monstrosities
  22 Orb Guardians
  3 quicksilver dragons
  5 titans
  6 liches
  3 deep elf blademasters (Elf:3)
  Asterion (Depths:1)
  4 sphinxes
  3 deep elf master archers (Elf:3)
  5 death cobs
  An Executioner (D:13)
  Frances (Snake:1)
  8 ancient champions
  A thorn hunter (Swamp:3)
  Agnes (Snake:3)
  14 nagarajas
  16 storm dragons
  7 shadow dragons
  8 tengu reavers
  A draconian monk (Zot:5)
  A daeva (D:15)
  7 fire giants
  10 frost giants
  4 draconian knights
  An azure jelly (shapeshifter) (Vaults:4)
  2 iron dragons (Depths:4)
  Aizul (Snake:3)
  16 vault wardens
  7 deep elf elementalists
  A juggernaut zombie (Depths:1)
  A balrug (Depths:2)
  6 draconian scorchers
  An orc warlord (Orc:2)
  Louise (Swamp:3)
  15 deep elf sorcerers
  A draconian shifter (Zot:4)
  6 ghouls
  A draconian stormcaller (Zot:5)
  The ghost of suduhmizer the Severer, a journeyman MiBe of Trog (Snake:1)
  16 ironbound preservers
  A demonspawn blood saint (Depths:1)
  11 ironbound thunderhulks
  3 draconian annihilators
  4 war gargoyles
  A spriggan defender (Depths:2)
  15 very ugly things
  13 vampire knights
  18 stone giants
  7 white draconians
  5 green draconians
  6 eleionomae
  13 dire elephants
  4 deep elf demonologists
  5 yellow draconians
  5 purple draconians
  An entropy weaver (Vaults:2)
  8 black draconians
  9 red draconians
  11 spark wasps
  A minotaur (Gauntlet)
  7 bunyips
  7 deep elf annihilators
  5 eidola
  Azrael (D:11)
  A crystal guardian (Vaults:1)
  15 deep elf death magi
  A blizzard demon (Depths:1)
  15 jiangshi
  8 ettins
  A mummy priest (Crypt:3)
  4 deep elf high priests
  2 green deaths (Swamp:4)
  6 fire dragons
  18 naga warriors
  5 great orbs of eyes
  15 yaktaur captains
  4 rakshasas
  12 ironbound frosthearts
  15 hydras
  2 ogre magi
  2 peacekeepers
  An ice dragon (shapeshifter) (Vaults:4)
  6 salamander tyrants
  36 vault guards
  Harold (D:8)
  8 boulder beetles
  18 centaur warriors
  2 ghost crabs
  10 anacondas
  5 spriggan air magi
  8 ice dragons
  8 two-headed ogres
  3 death knights
  6 deep troll shamans
  5 alligators
  14 dancing weapons
  6 death yaks
  2 titan zombies
  5 tengu warriors
  13 deep troll earth magi
  15 naga sharpshooters
  A thrashing horror (Swamp:4)
  12 vampire magi
  Urug (Lair:4)
  4 orc high priests
  6 deep elf knights
  13 hell knights
  3 shock serpents
  2 spriggan berserkers
  Nergalle (Lair:4)
  7 iron trolls
  26 skeletal warriors
  A wretched star (Abyss:2)
  11 salamander mystics
  A storm dragon zombie (Depths:1)
  4 glowing orange brains
  6 goliath frogs
  6 shadow wraiths
  A golden dragon zombie (Crypt:1)
  3 spriggan druids
  5 flayed ghosts
  10 bog bodies
  60 deep trolls
  8 phantasmal warriors
  7 swamp dragons
  6 naga ritualists
  13 necromancers
  A harpy (Vaults:3)
  25 ironbound convokers
  An orc knight (Orc:1)
  11 lindwurms
  16 wizards
  27 deep elf pyromancers
  A jorogumo zombie (Crypt:2)
  A faun (shapeshifter) (Depths:4)
  11 deep elf archers
  27 deep elf zephyrmancers
  6 orc sorcerers
  A wolf spider (shapeshifter) (Vaults:4)
  A frost giant zombie (Depths:1)
  7 mana vipers
  32 salamanders
  6 manticores
  4 will-o-the-wisps
  6 cyclopes
  42 ugly things
  A stone giant skeleton (Crypt:3)
  14 moths of wrath
  5 centaur zombies
  3 large abominations
  5 elephants
  22 vault sentinels
  Maurice (D:8)
  46 black mambas
  A torpor snail (Gauntlet)
  16 naga magi
  5 guardian serpents
  11 cane toads
  4 orange demons (Swamp:4)
  4 smoke demons
  3 rime drakes
  A grey draconian zombie (Crypt:3)
  A spriggan zombie (Depths:1)
  30 yaktaurs
  A kobold demonologist (D:13)
  3 unseen horrors
  An efreet (D:8)
  11 freezing wraiths
  3 hellwings (D:4)
  12 komodo dragons
  A komodo dragon (shapeshifter) (Vaults:4)
  A green draconian skeleton (Crypt:3)
  A steelbarb worm zombie (Crypt:3)
  An anaconda simulacrum (Tomb:1)
  6 trolls
  2 ice devils (Gauntlet)
  A minotaur skeleton (Crypt:3)
  4 tengu conjurers
  10 guardian mummies
  9 hornets
  2 hornets (shapeshifter)
  3 meliai (D:12)
  2 queen bees (shapeshifter) (D:9)
  2 merfolk (shapeshifter)
  6 polar bears
  A bloated husk (Swamp:2)
  A tarantella (shapeshifter) (Vaults:4)
  A raiju (shapeshifter) (Elf:1)
  47 slime creatures
  12 tyrant leeches
  A meliai zombie (D:11)
  5 blink frogs (Lair:4)
  5 dream sheep
  An ettin zombie (Crypt:1)
  A snapping turtle (shapeshifter) (Vaults:2)
  A dream sheep (shapeshifter) (Vaults:5)
  A culicivora (shapeshifter) (Vaults:4)
  Sigmund (D:5)
  A dire elephant simulacrum (Crypt:3)
  A satyr skeleton (Crypt:2)
  21 spriggans
  2 shadows
  4 wyverns
  An air elemental (Elf:2)
  52 yaks
  10 wraiths
  11 water elementals
  7 basilisks
  6 vampires
  A chaos spawn (Abyss:2)
  2 golden eyes (shapeshifter)
  A basilisk (shapeshifter) (D:13)
  2 redbacks (Vaults:2)
  4 fire elementals
  35 nagas
  3 wargs
  A naga zombie (Crypt:3)
  13 water moccasins
  8 hell hounds
  15 swamp worms
  Duvessa (D:5)
  46 orc warriors
  2 demonspawn skeletons
  2 ice beasts (D:6)
  A cane toad skeleton (Crypt:2)
  6 black bears
  A meliai simulacrum (D:14)
  9 boggarts
  4 necrophages
  8 ogres
  18 centaurs
  28 wolves
  A dream sheep skeleton (Crypt:3)
  A torpor snail zombie (Crypt:1)
  6 kobold brigands
  9 bullfrogs
  A komodo dragon zombie (Crypt:1)
  2 wyvern zombies
  2 scorpions
  An earth elemental (Elf:2)
  A two-headed ogre simulacrum (D:11)
  A small abomination (Abyss:2)
  Dowan (D:5)
  A wyvern skeleton (D:7)
  A water moccasin skeleton (D:4)
  14 killer bees
  A raiju skeleton (Crypt:1)
  7 howler monkeys
  5 wights
  An electric eel (D:15)
  4 hounds
  6 jellies
  A gnoll shaman (D:6)
  2 bullfrog skeletons (D:5)
  3 centaur skeletons
  20 orc priests
  4 iguanas
  23 orc wizards
  A troll simulacrum (D:11)
  Ijyb (D:4)
  A spriggan simulacrum (D:11)
  2 polar bear simulacra (D:9)
  3 yak simulacra (D:9)
  3 wolf simulacra (D:9)
  An ogre zombie (Crypt:2)
  A deep dwarf zombie (Crypt:1)
  A demigod zombie (Crypt:2)
  A sky beast zombie (Crypt:3)
  A tengu zombie (Crypt:2)
  A hound skeleton (Crypt:2)
  2 mummies (Tomb:1)
  A howler monkey zombie (D:9)
  Robin (D:3)
  7 adders
  10 gnolls
  3 naga simulacra
  3 shadow imps
  7 white imps
  An ufetubus (D:7)
  An adder skeleton (D:4)
  A halfling skeleton (Crypt:1)
  A lava snake skeleton (Crypt:3)
  5 worms
  A dart slug (D:4)
  86 orcs
  4 bats (D:2)
  9 endoplasms
  3 giant cockroaches
  9 goblins
  12 hobgoblins
  6 quokkas
  11 ball pythons
  5 frilled lizards
  A jackal zombie (Crypt:3)
  15 kobolds
  An orc zombie (Crypt:2)
  6 rats
  A rat (shapeshifter) (Vaults:4)
  3 river rat simulacra (D:9)
  5 briar patches (Swamp:3)
2172 creatures vanquished.

Vanquished Creatures (collateral kills)
  An ironbound preserver (Vaults:1)
1 creature vanquished.

Vanquished Creatures (others)
  An ice dragon (Depths:2)
  A deep elf knight (Elf:3)
  A deep elf zephyrmancer (Elf:2)
  A phantasmal warrior (Vaults:3)
  A necromancer (Depths:3)
  A fire bat (shapeshifter) (Vaults:5)
  2 nagas
  A necrophage (Crypt:2)
  An orc wizard (Orc:1)
  An orc (D:9)
  19 foxfires
  45 fungi
  38 plants
113 creatures vanquished.

Grand Total: 2286 creatures vanquished

Notes
Turn   | Place    | Note
-------+----------+-------------------------------------------
     0 | D:1      | mitch45678 the Barachi Conjurer began the quest for the
                  | Orb.
     0 | D:1      | Reached XP level 1. HP: 13/13 MP: 3/3
    55 | D:1      | Reached skill level 1 in Fighting
   478 | D:1      | Reached XP level 2. HP: 22/22 MP: 5/5
   481 | D:1      | Reached skill level 2 in Fighting
   646 | D:1      | Learned a level 2 spell: Searing Ray
  1032 | D:1      | Reached skill level 3 in Fighting
  1202 | D:1      | Reached XP level 3. HP: 28/29 MP: 4/6
  1264 | D:1      | Reached skill level 1 in Short Blades
  1707 | D:2      | Reached skill level 1 in Axes
  1916 | D:2      | Reached XP level 4. HP: 35/35 MP: 3/7
  2051 | D:2      | Reached skill level 2 in Axes
  2285 | D:3      | Found an ornate altar of the Wu Jian Council.
  2717 | D:3      | Found a glowing silver altar of Zin.
  2792 | D:3      | Noticed Grinder
  2931 | D:3      | Found a faded altar of an unknown god.
  3053 | D:3      | Found a radiant altar of Vehumet.
  3069 | D:3      | Noticed Robin
  3146 | D:3      | Reached skill level 3 in Axes
  3260 | D:3      | Killed Robin
  3261 | D:3      | Reached XP level 5. HP: 41/41 MP: 0/8
  3496 | D:3      | Reached skill level 2 in Short Blades
  3754 | D:4      | Reached skill level 3 in Short Blades
  3914 | D:4      | Reached skill level 4 in Short Blades
  3914 | D:4      | Reached XP level 6. HP: 42/47 MP: 9/9
  4074 | D:4      | Found Ontan's Magic Scroll Shoppe.
  4083 | D:4      | Bought a scroll of fog for 28 gold pieces
  4315 | D:4      | Reached skill level 4 in Fighting
  4453 | D:4      | Reached skill level 5 in Fighting
  4505 | D:4      | Found a staircase to the Ecumenical Temple.
  4717 | D:5      | Entered Level 5 of the Dungeon
  4782 | D:5      | Reached skill level 4 in Axes
  4782 | D:5      | Reached XP level 7. HP: 48/56 MP: 10/10
  4792 | D:5      | Noticed Ijyb
  5120 | D:4      | Killed Ijyb
  5216 | D:5      | Reached skill level 5 in Axes
  5286 | D:5      | Learned a level 1 spell: Slow
  5505 | D:5      | Noticed Sigmund
  5509 | D:5      | Killed Sigmund
  5510 | D:5      | Reached skill level 6 in Axes
  5510 | D:5      | Noticed Duvessa
  5516 | D:5      | Noticed Dowan
  5519 | D:5      | Killed Duvessa
  5520 | D:5      | Reached skill level 7 in Axes
  5520 | D:5      | Reached XP level 8. HP: 60/62 MP: 11/11
  5529 | D:5      | Killed Dowan
  5748 | D:5      | HP: 15/62 [centaur warrior zombie (1)]
  5751 | D:5      | Reached skill level 9 in Axes
  6217 | Temple   | Entered the Ecumenical Temple
  6754 | D:6      | Reached skill level 10 in Axes
  6920 | D:6      | Reached skill level 6 in Fighting
  6920 | D:6      | Reached XP level 9. HP: 61/69 MP: 7/12
  7012 | D:6      | Found a blossoming altar of Fedhas.
  7025 | D:6      | Reached skill level 2 in Armour
  7100 | D:6      | Reached skill level 3 in Armour
  8003 | D:6      | Reached skill level 4 in Armour
  8163 | D:6      | Found a shimmering blue altar of Sif Muna.
  8333 | D:7      | Found a shimmering altar of Xom.
  8333 | D:7      | Found a shimmering altar of Xom.
  8333 | D:7      | Found a shimmering altar of Xom.
  8334 | D:7      | Found a shimmering altar of Xom.
  8334 | D:7      | Found a shimmering altar of Xom.
  8334 | D:7      | Found a shimmering altar of Xom.
  8354 | D:7      | Noticed a rime drake
  8354 | D:7      | a naga changed into a rime drake
  8623 | D:7      | Reached skill level 5 in Armour
  9220 | D:7      | Noticed an orb spider
  9255 | D:7      | Reached skill level 3 in Dodging
  9500 | D:7      | Noticed a seven-headed hydra
  9500 | D:7      | Noticed a meliai
  9614 | D:7      | Reached skill level 4 in Dodging
  9913 | D:7      | Reached skill level 5 in Dodging
  9946 | D:8      | Found an iron altar of Okawaru.
  9955 | D:8      | Became a worshipper of Warmaster Okawaru
  9982 | D:8      | Found Hoczefi's Neck Hole.
  9989 | D:8      | Bought the +1 cloak of Impermeability {Dex+2} for 248 gold
                  | pieces
 10000 | D:8      | Found a white marble altar of Elyvilon.
 10188 | D:8      | Found a snail-covered altar of Cheibriados.
 10510 | D:9      | Reached skill level 6 in Dodging
 10584 | D:8      | Reached XP level 10. HP: 50/76 MP: 13/13
 10624 | D:9      | Noticed Maurice
 10642 | D:9      | Noticed Harold
 10797 | D:8      | Learned a level 3 spell: Dazzling Flash
 10809 | D:8      | Reached skill level 7 in Dodging
 11236 | D:8      | Killed Maurice
 11237 | D:8      | Reached skill level 2 in Invocations
 11423 | D:9      | Reached skill level 3 in Invocations
 11460 | D:9      | Noticed Erolcha
 11474 | D:9      | Found a staircase to the Orcish Mines.
 11659 | D:9      | HP: 13/77 [troll (15)]
 11663 | D:9      | Reached * piety under Okawaru
 11664 | D:9      | Reached skill level 7 in Fighting
 11788 | D:9      | Noticed a necromancer
 11807 | D:9      | HP: 1/76 [necromancer/bolt of negative energy (26)]
 11815 | D:9      | Killed a necromancer
 11816 | D:9      | Reached skill level 4 in Invocations
 11871 | D:9      | HP: 17/79 [yak simulacrum (4)]
 11879 | D:9      | HP: 10/79 [polar bear simulacrum (3)]
 11880 | D:9      | HP: 4/79 [polar bear simulacrum (9)]
 12212 | D:9      | Reached skill level 5 in Invocations
 12214 | D:9      | Noticed a centaur warrior
 12236 | D:9      | Killed a centaur warrior
 12236 | D:9      | Reached ** piety under Okawaru
 12237 | D:9      | Reached skill level 8 in Fighting
 12498 | D:9      | Noticed a two-headed ogre
 12516 | D:9      | Killed a two-headed ogre
 12517 | D:9      | Reached skill level 9 in Fighting
 12517 | D:9      | Reached skill level 11 in Axes
 12548 | D:9      | Found Luewne's Armour Shoppe.
 12556 | D:9      | Bought the +1 scale mail of Oraez {Regen+ Dex+4} for 244
                  | gold pieces
 12669 | D:9      | Noticed a cyclops
 12687 | D:9      | Killed a cyclops
 12688 | D:9      | Reached XP level 11. HP: 62/89 MP: 12/14
 12704 | D:9      | Reached skill level 6 in Armour
 12738 | D:9      | Found a sacrificial altar of Ru.
 12846 | D:8      | Killed Harold
 12847 | D:8      | Reached skill level 7 in Armour
 13013 | D:9      | Noticed a manticore
 13025 | D:9      | Killed a manticore
 13029 | D:9      | Noticed a deep elf archer
 13042 | D:9      | Killed a deep elf archer
 13042 | D:9      | Reached *** piety under Okawaru
 13043 | D:9      | Reached skill level 8 in Dodging
 13085 | D:10     | Entered Level 10 of the Dungeon
 13127 | D:8      | Reached skill level 8 in Armour
 14230 | D:10     | Identified a scroll of acquirement
 14230 | D:10     | Acquired the ring "Ridiypp" {rCorr Str+3 Dex+3}
 14408 | D:11     | Reached skill level 9 in Armour
 14531 | D:11     | Found a frozen archway.
 14566 | D:11     | HP: 20/89 [spriggan simulacrum (17)]
 14650 | IceCv    | Entered an ice cave
 14958 | IceCv    | Noticed a death yak
 15027 | IceCv    | Killed a death yak
 15027 | IceCv    | Reached **** piety under Okawaru
 15028 | IceCv    | Reached skill level 10 in Armour
 15028 | IceCv    | Reached skill level 9 in Dodging
 15048 | IceCv    | Noticed a death yak
 15048 | IceCv    | Noticed a death yak
 15084 | IceCv    | HP: 22/89 [death yak (7)]
 15085 | IceCv    | HP: 8/89 [death yak (14)]
 15090 | D:11     | HP: 3/133 [death yak (22)]
 15094 | D:11     | Killed a death yak
 15577 | D:11     | Noticed a cyclops
 15593 | D:11     | Killed a cyclops
 15594 | D:11     | Reached XP level 12. HP: 66/97 MP: 14/16
 15816 | D:11     | Reached skill level 12 in Axes
 16002 | D:11     | Found a staircase to the Lair.
 16013 | Lair:1   | Entered Level 1 of the Lair of Beasts
 16059 | Lair:1   | Learned a level 2 spell: Ensorcelled Hibernation
 16245 | Lair:1   | Reached skill level 13 in Axes
 16255 | Lair:1   | Reached ***** piety under Okawaru
 16714 | Lair:1   | Reached skill level 1 in Evocations
 16719 | Lair:1   | Reached skill level 1 in Throwing
 16991 | Lair:1   | Reached skill level 2 in Evocations
 17124 | Lair:1   | Reached skill level 2 in Throwing
 17413 | Lair:1   | Reached skill level 3 in Evocations
 17473 | Lair:2   | Reached skill level 3 in Throwing
 17758 | Lair:2   | Reached skill level 6 in Invocations
 18216 | Lair:3   | Identified the +7 long sword of Ukun {venom, Str+4}
 18350 | Lair:3   | Reached skill level 7 in Invocations
 18475 | Lair:3   | Found a staircase to the Swamp.
 18485 | Lair:3   | Reached skill level 10 in Fighting
 18523 | Lair:3   | Found a staircase to the Snake Pit.
 18561 | Lair:3   | Identified the +0 buckler "Onkohewk" {+Blink} (Okawaru
                  | gifted it to you on level 3 of the Lair of Beasts)
 18561 | Lair:3   | Received a gift from Okawaru
 18579 | Lair:3   | Gained mutation: You can hop long distances. [Barachi
                  | growth]
 18579 | Lair:3   | Reached XP level 13. HP: 61/103 MP: 18/18
 18634 | Lair:3   | Reached skill level 1 in Shields
 18737 | Lair:3   | Reached ****** piety under Okawaru
 18758 | Lair:5   | Reached skill level 2 in Shields
 18903 | Lair:5   | Reached skill level 3 in Shields
 19001 | Lair:5   | Found a staircase to the Slime Pits.
 19374 | Lair:3   | Reached skill level 10 in Dodging
 19374 | Lair:3   | Reached skill level 4 in Shields
 19630 | Lair:3   | Reached skill level 11 in Fighting
 19784 | Lair:3   | Reached skill level 5 in Shields
 20120 | Lair:4   | Noticed Urug
 20171 | Lair:4   | Killed Urug
 20231 | Lair:4   | Noticed Nergalle
 20328 | Lair:4   | Killed Nergalle
 20615 | Lair:4   | HP: 19/107 [boulder beetle (27)]
 20624 | Lair:4   | HP: 22/107 [boulder beetle (4)]
 20633 | Lair:4   | Identified the +6 battleaxe of Purpose {venom, *Slow rF+
                  | rCorr Int+3} (Okawaru gifted it to you on level 4 of the
                  | Lair of Beasts)
 20633 | Lair:4   | Received a gift from Okawaru
 20634 | Lair:4   | Reached skill level 11 in Dodging
 20852 | Lair:4   | Reached skill level 12 in Fighting
 21132 | Lair:5   | Got A Primer on Spellcasting
 21559 | Lair:6   | Entered Level 6 of the Lair of Beasts
 21707 | Lair:5   | Reached skill level 14 in Axes
 21865 | Lair:5   | Reached skill level 11 in Armour
 22174 | Lair:6   | Reached XP level 14. HP: 115/115 MP: 19/19
 22325 | Lair:6   | Reached skill level 12 in Armour
 22338 | Lair:6   | Received a gift from Okawaru
 22576 | Lair:6   | Reached skill level 13 in Armour
 22619 | Lair:6   | Paralysed by a hornet for 3 turns
 23346 | Lair:6   | Reached skill level 14 in Armour
 24603 | D:9      | Bought the +1 pair of boots of Exclusion {rC+ Stlth+} for
                  | 263 gold pieces
 24867 | D:12     | Noticed Nessos
 24868 | D:12     | Noticed Nessos
 24868 | D:12     | Nessos changed into Nessos the slime creature
 24886 | D:12     | Killed Nessos the slime creature
 24897 | D:12     | Found a runed translucent door.
 24897 | D:12     | Noticed cowsai's ghost (novice DECj)
 24970 | D:12     | Received a gift from Okawaru
 25077 | D:12     | Reached skill level 13 in Fighting
 25152 | D:12     | Noticed Azrael
 25250 | D:11     | Killed Azrael
 25823 | D:13     | Reached skill level 15 in Armour
 25827 | D:13     | Found Sesinola's Self-Improvement Boutique.
 25839 | D:13     | Found Ofaze's Magic Scroll Shop.
 25956 | D:13     | Reached skill level 14 in Fighting
 26087 | D:13     | Learned a level 2 spell: Wereblood
 26090 | D:13     | Learned a level 2 spell: Blink
 26164 | D:13     | Reached skill level 1 in Transmutations
 26243 | D:13     | Reached skill level 2 in Transmutations
 26289 | D:13     | Reached skill level 3 in Transmutations
 26316 | D:13     | Found a gate to the Vaults.
 26470 | D:13     | Reached skill level 4 in Transmutations
 26470 | D:13     | Reached XP level 15. HP: 125/126 MP: 20/20
 26579 | D:13     | Identified the +4 broad axe of Suicidal Tendencies {vorpal,
                  | rElec rF- Int+4 Stlth+}
 26861 | D:14     | Reached skill level 5 in Transmutations
 27044 | D:14     | Received a gift from Okawaru
 27072 | D:14     | Received a gift from Okawaru
 27073 | D:14     | Reached skill level 6 in Transmutations
 27078 | D:14     | Reached skill level 15 in Axes
 27214 | D:14     | Found the +2 hood of the Assassin {Detection Stab+ Stlth++}
 27365 | D:14     | Identified the +5 demon trident of Circular Logic {pain,
                  | rC++} (Okawaru gifted it to you on level 14 of the Dungeon)
 27365 | D:14     | Received a gift from Okawaru
 27435 | D:15     | Entered Level 15 of the Dungeon
 27435 | D:15     | Found Kaac Gosup's Weapon Emporium.
 27960 | Orc:1    | Entered Level 1 of the Orcish Mines
 27968 | Orc:1    | Reached skill level 16 in Axes
 28163 | Orc:2    | Entered Level 2 of the Orcish Mines
 28163 | Orc:2    | Found a staircase to the Elven Halls.
 28498 | Orc:2    | Found a gate leading to a gauntlet.
 28508 | Gauntlet | Entered a Gauntlet
 28508 | Gauntlet | Found a runed translucent gate.
 28508 | Gauntlet | Found a transporter.
 28508 | Gauntlet | Found a runed translucent gate.
 28508 | Gauntlet | Found a runed translucent gate.
 28508 | Gauntlet | Found a transporter.
 28508 | Gauntlet | Found a transporter.
 28508 | Gauntlet | Found a transporter.
 28544 | Gauntlet | Found a transporter.
 28548 | Gauntlet | Found a transporter.
 28563 | Gauntlet | Found a transporter.
 28585 | Gauntlet | Found a transporter.
 28587 | Gauntlet | Found a transporter.
 28590 | Gauntlet | Found a transporter.
 28602 | Gauntlet | Found a transporter.
 28605 | Gauntlet | Found a transporter.
 28761 | Gauntlet | Received a gift from Okawaru
 28779 | Gauntlet | Identified the ring "Adwekh" {rF++ Str+6 Int+5}
 28959 | Orc:2    | Reached skill level 17 in Axes
 29067 | Orc:1    | Found Homidgh's General Store.
 29109 | Orc:1    | Bought a potion of resistance for 170 gold pieces
 29109 | Orc:1    | Bought a potion of curing for 51 gold pieces
 29302 | Orc:2    | Found Newnus's Antique Armour Emporium.
 29532 | Orc:2    | Identified the +0 ring mail of the Gate {rElec rC+ Will+
                  | Stlth-} (Okawaru gifted it to you on level 2 of the Orcish
                  | Mines)
 29532 | Orc:2    | Received a gift from Okawaru
 29549 | Orc:2    | Paralysed by an orc sorcerer for 5 turns
 29591 | Orc:2    | Noticed an orc warlord
 29617 | Orc:2    | Killed an orc warlord
 29704 | Orc:2    | Found Leres's Antique Armour Emporium.
 29716 | Orc:2    | Reached XP level 16. HP: 133/133 MP: 21/21
 29718 | Orc:2    | Found Foric's Antique Weapon Shoppe.
 29729 | Orc:2    | Bought a shiny kite shield for 225 gold pieces
 29880 | Orc:2    | Found Jussosip's Assorted Antiques.
 29909 | Orc:2    | Bought a fading scale mail for 324 gold pieces
 29909 | Orc:2    | Identified the +1 scale mail of Anga {+Blink rF+ Regen+
                  | Int+4} (You bought it in a shop on level 2 of the Orcish
                  | Mines)
 29909 | Orc:2    | Bought a scroll labelled FURIRR HENIDOE for 36 gold pieces
 30037 | Orc:1    | Paralysed by an orc sorcerer for 3 turns
 30296 | Snake:1  | Entered Level 1 of the Snake Pit
 30418 | Snake:1  | Reached skill level 18 in Axes
 30418 | Snake:1  | Reached skill level 7 in Shields
 30418 | Snake:1  | Reached XP level 17. HP: 140/140 MP: 22/22
 30642 | Snake:1  | Noticed Frances
 30668 | Snake:1  | Killed Frances
 30685 | Snake:1  | Reached skill level 8 in Shields
 30852 | Snake:1  | Found a runed translucent door.
 30852 | Snake:1  | Noticed suduhmizer's ghost (journeyman MiBe)
 30860 | Snake:1  | Identified the +1 chain mail "Viosehong" {rElec Int+6
                  | Stlth+}
 31007 | Snake:1  | Killed suduhmizer's ghost
 31095 | Snake:2  | Reached skill level 15 in Fighting
 31264 | Snake:2  | Reached skill level 8 in Invocations
 31396 | Snake:2  | Received a gift from Okawaru
 31478 | Snake:2  | Found Ehyum's Antique Weapon Boutique.
 31518 | Snake:2  | Reached skill level 9 in Shields
 31778 | Snake:2  | HP: 14/142 [naga warrior (40)]
 32272 | Snake:2  | Reached skill level 9 in Invocations
 32289 | Snake:2  | Reached skill level 10 in Shields
 32502 | Snake:2  | Reached skill level 12 in Dodging
 32698 | Snake:2  | Received a gift from Okawaru
 32964 | Snake:2  | Identified the +0 hat of the Eternal Void {rElec} (Okawaru
                  | gifted it to you on level 2 of the Snake Pit)
 32964 | Snake:2  | Received a gift from Okawaru
 33055 | Snake:3  | Reached skill level 13 in Dodging
 33246 | Snake:3  | Noticed Agnes
 33274 | Snake:3  | Killed Agnes
 33281 | Snake:3  | HP: 33/142 [salamander mystic (9)]
 33284 | Snake:3  | Reached XP level 18. HP: 30/149 MP: 21/24
 33775 | Snake:3  | Reached skill level 14 in Dodging
 33875 | Snake:3  | Noticed Aizul
 33897 | Snake:3  | Noticed Nikola
 33907 | Snake:3  | Killed Aizul
 33931 | Snake:3  | Killed Nikola
 34380 | Snake:4  | Entered Level 4 of the Snake Pit
 34691 | Snake:4  | Found Vawaeliu's Assorted Antiques.
 34705 | Snake:4  | Reached skill level 15 in Dodging
 34753 | Snake:4  | Bought a pair of glowing gloves for 187 gold pieces
 35342 | Snake:4  | Reached skill level 16 in Fighting
 35683 | Snake:4  | Received a gift from Okawaru
 35961 | Snake:4  | Reached skill level 17 in Fighting
 36151 | Snake:4  | Identified the +8 longbow "Jellyslayer" {venom, Fragile rC+
                  | Int+3} (Okawaru gifted it to you on level 4 of the Snake
                  | Pit)
 36151 | Snake:4  | Received a gift from Okawaru
 36538 | Snake:4  | Reached skill level 18 in Fighting
 36589 | Snake:4  | Got a serpentine rune of Zot
 36744 | Snake:4  | Identified the +1 kite shield "Ximotug" {Harm Str-2 Int+4}
                  | (Okawaru gifted it to you on level 4 of the Snake Pit)
 36744 | Snake:4  | Received a gift from Okawaru
 37116 | Swamp:1  | Entered Level 1 of the Swamp
 37152 | Swamp:1  | Reached XP level 19. HP: 151/163 MP: 10/25
 37411 | Swamp:1  | Identified the +3 dagger of Toilliug {vorpal, rF+++ rN++
                  | Will- Int-3}
 37683 | Swamp:2  | Reached skill level 16 in Dodging
 38584 | Swamp:3  | Noticed Louise
 38617 | Swamp:2  | Reached skill level 16 in Armour
 38824 | Swamp:3  | Killed Louise
 39249 | Swamp:4  | Entered Level 4 of the Swamp
 39270 | Swamp:4  | Reached skill level 17 in Dodging
 39474 | Swamp:4  | Received a gift from Okawaru
 39585 | Swamp:4  | Noticed a tentacled monstrosity
 39629 | Swamp:4  | Killed a tentacled monstrosity
 39911 | Swamp:4  | Received a gift from Okawaru
 39912 | Swamp:4  | Reached skill level 11 in Shields
 40030 | Swamp:4  | Reached skill level 17 in Armour
 40048 | Swamp:4  | Got a decaying rune of Zot
 40336 | Vaults:1 | Entered Level 1 of the Vaults
 40772 | Vaults:1 | Reached XP level 20. HP: 79/170 MP: 24/26
 40784 | Vaults:1 | Received a gift from Okawaru
 40790 | Vaults:1 | Reached skill level 18 in Dodging
 40796 | Vaults:1 | Reached skill level 12 in Shields
 41261 | Vaults:1 | Reached skill level 18 in Armour
 41262 | Vaults:1 | HP: 61/255 [ironbound convoker (23)]
 41267 | Vaults:1 | HP: 46/255 [vault guard[a vault warden] (2)]
 41274 | Vaults:1 | HP: 19/255 [vault guard[a vault warden] (15)]
 41277 | Vaults:1 | Reached skill level 13 in Shields
 41288 | Vaults:1 | HP: 35/170 [vault guard[a vault warden] (19)]
 41292 | Vaults:1 | Received a gift from Okawaru
 42324 | Vaults:2 | Found a staircase to the Crypt.
 42324 | Vaults:2 | Found an ancient bone altar of Kikubaaqudgha.
 42325 | Vaults:2 | Found a basalt altar of Yredelemnul.
 42329 | Vaults:2 | Reached skill level 14 in Shields
 42575 | Vaults:2 | Reached skill level 15 in Shields
 42596 | Vaults:2 | Identified the +0 helmet of Narcissism {Int+4 SInv}
                  | (Okawaru gifted it to you on level 2 of the Vaults)
 42596 | Vaults:2 | Received a gift from Okawaru
 42829 | Vaults:2 | Reached skill level 10 in Invocations
 43512 | Vaults:3 | Reached XP level 21. HP: 177/177 MP: 28/28
 43563 | Vaults:3 | Reached skill level 19 in Armour
 43950 | Vaults:3 | Found a transporter.
 43950 | Vaults:3 | Noticed rgbqcd's ghost (veteran MiBe)
 43953 | Vaults:3 | Noticed an ancient lich
 43971 | Vaults:3 | Found a transporter.
 44255 | Vaults:3 | Reached skill level 19 in Axes
 44266 | Vaults:3 | Identified the +5 tower shield of Naoch {Will+} (Okawaru
                  | gifted it to you on level 3 of the Vaults)
 44266 | Vaults:3 | Received a gift from Okawaru
 44861 | Vaults:4 | HP: 37/177 [war gargoyle/spray of metal splinters[a
                  | peacekeeper] (19)]
 44967 | Vaults:4 | Found a flickering gateway to a bazaar.
 44973 | Bazaar   | Entered a bazaar
 44978 | Bazaar   | Found Ratuo's Magic Scroll Shop.
 44978 | Bazaar   | Found Qiaxeim's Jewellery Boutique.
 44987 | Bazaar   | Got the Catalogue of Creative Execration
 44999 | Bazaar   | Bought the amulet of Vitality {Regen+ HP+15} for 711 gold
                  | pieces
 44999 | Bazaar   | Found the amulet of Vitality {Regen+ HP+15}
 45076 | Vaults:4 | Reached skill level 16 in Shields
 45427 | Vaults:4 | Reached skill level 17 in Shields
 45813 | Vaults:4 | Reached skill level 18 in Shields
 46602 | Elf:1    | Entered Level 1 of the Elven Halls
 46716 | Elf:1    | Reached XP level 22. HP: 184/184 MP: 29/29
 46948 | Elf:1    | Got the Grimoire of Quantum Stolen Souls
 47023 | Elf:1    | Reached skill level 19 in Shields
 47049 | Elf:1    | Received a gift from Okawaru
 47258 | Elf:1    | Identified the +2 hat "Dapu" {rN+ Int-3 Dex+3} (Okawaru
                  | gifted it to you on level 1 of the Elven Halls)
 47258 | Elf:1    | Received a gift from Okawaru
 47312 | Elf:1    | Got the Incunabulum of Sinister Transformation
 47742 | Elf:2    | Paralysed by an air elemental for 1 turns
 47748 | Elf:2    | Paralysed by an air elemental for 1 turns
 47904 | Elf:2    | Reached skill level 20 in Shields
 47906 | Elf:2    | Found a huge runed translucent gate.
 47906 | Elf:2    | Found a huge runed translucent gate.
 47906 | Elf:2    | Found a huge runed translucent gate.
 47907 | Elf:2    | Found a huge runed translucent gate.
 47907 | Elf:2    | Found a huge runed translucent gate.
 48131 | Elf:3    | Entered Level 3 of the Elven Halls
 48487 | Elf:3    | Cast into level 3 of the Abyss (a deep elf sorcerer)
 48487 | Abyss:3  | Found a corrupted altar of Lugonu.
 48535 | Elf:3    | Escaped the Abyss
 48572 | Elf:3    | HP: 45/199 [deep elf high priest/divine providence (14)]
 48743 | Elf:3    | Found a runed translucent door.
 48743 | Elf:3    | Found a shimmering altar of Xom.
 48743 | Elf:3    | Identified the +11 dire flail of the Modern Brambles
                  | {chaos, SInv}
 48743 | Elf:3    | Noticed hito's ghost (veteran HOCA)
 48877 | Elf:3    | Reached skill level 21 in Shields
 49219 | Elf:3    | Cast into level 2 of the Abyss (a deep elf sorcerer)
 49294 | Elf:3    | Escaped the Abyss
 49654 | Crypt:1  | Entered Level 1 of the Crypt
 50050 | Crypt:1  | Received a gift from Okawaru
 50078 | Crypt:1  | Reached skill level 22 in Shields
 50609 | Crypt:2  | Found a basalt altar of Yredelemnul.
 50682 | Crypt:2  | Reached XP level 23. HP: 186/190 MP: 30/30
 50788 | Crypt:2  | Identified the amulet of the Priest {Reflect rElec rF- rC++
                  | Slay+3 SH+5}
 50812 | Crypt:2  | Noticed Saint Roka
 50828 | Crypt:2  | Received a gift from Okawaru
 50828 | Crypt:2  | Found the +8 longbow "Zephyr" {speed, Dex+3 SInv}
 50841 | Crypt:2  | Killed Saint Roka
 51324 | Crypt:3  | Entered Level 3 of the Crypt
 51396 | Crypt:3  | Reached skill level 20 in Armour
 51863 | Crypt:3  | Identified the +9 crystal plate armour "Ovafragg" {+Inv
                  | rF+++ rC+ Stlth-} (Okawaru gifted it to you on level 3 of
                  | the Crypt)
 51863 | Crypt:3  | Received a gift from Okawaru
 51876 | Crypt:3  | HP: 38/205 [titan zombie (27)]
 51880 | Crypt:3  | HP: 12/205 [titan zombie (24)]
 51886 | Crypt:3  | HP: 27/205 [vampire knight (10)]
 52136 | Crypt:3  | Reached skill level 21 in Armour
 52157 | Crypt:3  | Found a basalt altar of Yredelemnul.
 52157 | Crypt:3  | Found an ancient bone altar of Kikubaaqudgha.
 52157 | Crypt:3  | Noticed a curse toe
 52157 | Crypt:3  | Noticed a curse toe
 52184 | Crypt:3  | Killed a curse toe
 52194 | Crypt:3  | Killed a curse toe
 52206 | Crypt:3  | Found the +8 lance "Wyrmbane" {slay drac, rPois rF+ rC+
                  | AC+3}
 52274 | Crypt:3  | Identified the ring of Angaschass {Will+ Int+3 SInv}
 52285 | Crypt:3  | Identified the ring of Ixaujomp {rN+ Str+3}
 52285 | Crypt:3  | Identified the ring of Xom's Best Wishes {rN+ Str-2 Dex+9}
 52285 | Crypt:3  | Identified the ring "Juna Liu" {rF+ rN+ MP+9 Int+3 Stlth-}
 52647 | Crypt:3  | Found a staircase to the Tomb.
 52654 | Tomb:1   | Entered Level 1 of the Tomb of the Ancients
 53576 | Elf:3    | Reached skill level 22 in Armour
 53645 | Elf:3    | Identified the amulet "Taekh" {Acrobat Will+ Regen+}
 53734 | Elf:3    | Identified the +8 great sword of Tytitir {protect, Stlth+}
 53805 | Elf:3    | Got the Handbook of Creative Weightlessness
 53859 | Elf:3    | Got Lagow's Guide on Icy Displacement
 54298 | Vaults:3 | Killed an ancient lich
 54316 | Vaults:3 | Reached skill level 20 in Axes
 54316 | Vaults:3 | Killed rgbqcd's ghost
 54331 | Vaults:3 | Identified the +0 pair of gloves "Gul Guwk" {rF+ rC+ Str+4
                  | Int-3}
 54814 | D:15     | Reached XP level 24. HP: 199/199 MP: 30/30
 54837 | D:15     | Found a staircase to the Depths.
 55045 | Depths:1 | Entered Level 1 of the Depths
 55093 | D:15     | Reached skill level 19 in Fighting
 55177 | Depths:1 | Received a gift from Okawaru
 55271 | Depths:1 | Found a one-way gate leading to the halls of Pandemonium.
 55290 | Depths:1 | Noticed Asterion
 55306 | Depths:1 | Killed Asterion
 55317 | Depths:1 | Found a runed translucent gate.
 55317 | Depths:1 | Found a runed translucent gate.
 55317 | Depths:1 | Found a runed translucent gate.
 55318 | Depths:1 | Noticed Qiwept's ghost (veteran BaIE)
 55599 | Depths:1 | Found a gateway to Hell.
 55791 | Depths:1 | Found a one-way gate to the infinite horrors of the Abyss.
 56184 | Vaults:5 | Entered Level 5 of the Vaults
 56225 | Vaults:4 | Received a gift from Okawaru
 56316 | Vaults:4 | Reached skill level 21 in Axes
 56317 | Vaults:4 | Reached skill level 20 in Fighting
 56848 | Vaults:4 | Reached skill level 21 in Fighting
 57543 | Vaults:5 | Reached XP level 25. HP: 166/210 MP: 29/30
 57597 | Vaults:5 | Reached skill level 22 in Fighting
 57622 | Vaults:5 | Noticed an ancient lich
 57636 | Vaults:5 | Killed an ancient lich
 57653 | Vaults:5 | Reached skill level 22 in Axes
 57706 | Vaults:5 | Reached skill level 19 in Dodging
 57802 | Vaults:5 | Got the Handbook of Moulding and Air
 57807 | Vaults:5 | Found the +3 giant club "Skullcrusher" {speed, Str+7}
 58009 | Vaults:5 | Identified the +6 morningstar of Armageddon {venom, Will++}
 58137 | Vaults:5 | Received a gift from Okawaru
 58230 | Vaults:5 | Identified the +8 dagger "Passoit" {vorpal, Will+ rCorr
                  | Str+4}
 58246 | Vaults:5 | Got a silver rune of Zot
 58718 | Depths:2 | Got the Collected Works on Hurtful Fire
 58719 | Depths:2 | Found an iron altar of Okawaru.
 58860 | Depths:2 | Reached skill level 20 in Dodging
 58944 | Depths:2 | Got the Guide on Flight and the Voyage
 59121 | Depths:2 | Reached skill level 21 in Dodging
 59510 | Depths:2 | Received a gift from Okawaru
 59543 | Depths:2 | Noticed an ancient lich
 59559 | Depths:2 | Killed an ancient lich
 59571 | Depths:2 | Got the Compendium of Enthralling Intoxication
 59759 | Depths:3 | Reached skill level 22 in Dodging
 59818 | Depths:3 | Found Izemnag's General Store.
 59833 | Depths:3 | Bought 2 potions of curing for 72 gold pieces
 59913 | Depths:3 | Identified the +8 war axe of Past Mistakes {vorpal, rCorr
                  | MP+9 Dex-5 Stlth+} (Okawaru gifted it to you on level 3 of
                  | the Depths)
 59913 | Depths:3 | Received a gift from Okawaru
 59931 | Depths:3 | Reached skill level 11 in Invocations
 60027 | Depths:3 | Found a sacrificial altar of Ru.
 60406 | Depths:4 | Entered Level 4 of the Depths
 60419 | Depths:3 | Reached XP level 26. HP: 224/224 MP: 31/31
 60536 | Depths:4 | Noticed a juggernaut
 60550 | Depths:4 | Killed a juggernaut
 60551 | Depths:4 | Reached skill level 12 in Invocations
 60717 | Depths:4 | Noticed a juggernaut
 60744 | Depths:4 | Killed a juggernaut
 60871 | Depths:4 | Received a gift from Okawaru
 60972 | Depths:4 | Reached skill level 23 in Armour
 61065 | Depths:4 | Found a gate to the Realm of Zot.
 61084 | Depths:4 | Received a gift from Okawaru
 61236 | Zot:1    | Entered Level 1 of the Realm of Zot
 61375 | Zot:1    | Identified the +10 scimitar "Obaeriss" {drain, rN+ Str+5
                  | Dex-4 Stlth+}
 62340 | Zot:2    | Reached skill level 24 in Armour
 62569 | Zot:2    | Noticed an electric golem
 62577 | Zot:2    | Noticed an orb of fire
 62593 | Zot:2    | Killed an orb of fire
 62601 | Zot:2    | Killed an electric golem
 62871 | Zot:2    | Identified the +0 pair of boots of Okawaru's Whim {+Inv
                  | Dex+2 Stlth+} (Okawaru gifted it to you on level 2 of the
                  | Realm of Zot)
 62871 | Zot:2    | Received a gift from Okawaru
 63202 | Zot:3    | Found a hazy altar of Hepliaklqana.
 63263 | Zot:3    | HP: 52/227 [something (11)]
 63462 | Zot:3    | Reached skill level 23 in Fighting
 63753 | Zot:3    | Found a sacrificial altar of Ru.
 64187 | Zot:5    | Entered Level 5 of the Realm of Zot
 64470 | Zot:4    | Reached skill level 24 in Fighting
 64746 | Zot:4    | Reached XP level 27. HP: 82/233 MP: 32/32
 65131 | Zot:5    | Noticed an orb of fire
 65136 | Zot:5    | Noticed an electric golem
 65152 | Zot:5    | Killed an orb of fire
 65153 | Zot:5    | Reached skill level 25 in Fighting
 65163 | Zot:5    | Noticed a dread lich
 65163 | Zot:5    | Noticed an orb of fire
 65163 | Zot:5    | Noticed an orb of fire
 65166 | Zot:5    | Noticed a Brimstone Fiend
 65175 | Zot:5    | Noticed an orb of fire
 65182 | Zot:5    | Killed an orb of fire
 65182 | Zot:5    | Received a gift from Okawaru
 65191 | Zot:5    | Gained mutation: You are frail. (-10% HP) [an orb of fire]
 65201 | Zot:5    | Killed an orb of fire
 65203 | Zot:5    | Killed a dread lich
 65205 | Zot:5    | Gained mutation: You are very frail. (-20% HP) [an orb of
                  | fire]
 65208 | Zot:5    | Gained mutation: You are extremely frail. (-30% HP) [an orb
                  | of fire]
 65210 | Zot:5    | Killed an orb of fire
 65210 | Zot:5    | Identified the +1 scale mail of Grace {rF+++ Will- Slay+4}
                  | (Okawaru gifted it to you on level 5 of the Realm of Zot)
 65210 | Zot:5    | Received a gift from Okawaru
 65216 | Zot:5    | Killed an electric golem
 65247 | Zot:5    | Reached skill level 26 in Fighting
 65415 | Zot:5    | Noticed an orb of fire
 65418 | Zot:5    | Noticed an orb of fire
 65418 | Zot:5    | Noticed an electric golem
 65418 | Zot:5    | Noticed an orb of fire
 65421 | Zot:5    | Gained mutation: You tend to lose your temper in combat.
                  | [an orb of fire]
 65422 | Zot:5    | Got the Orb of Zot
 65422 | Zot:5    | Gained mutation: You occasionally shout uncontrollably at
                  | your foes. [an orb of fire]
 65426 | Zot:5    | Gained mutation: You are dopey. (Int -2) [an orb of fire]
 65426 | Zot:5    | Gained mutation: You are weak. (Str -2) [an orb of fire]
 65427 | Zot:5    | Gained mutation: You are very weak. (Str -4) [an orb of
                  | fire]
 65435 | Zot:5    | Gained mutation: You have hidden genetic defects. [an orb
                  | of fire]
 65438 | Zot:5    | Gained mutation: You are very dopey. (Int -4) [an orb of
                  | fire]
 65440 | Zot:5    | Gained mutation: Your spells are a little easier to cast,
                  | but a little less powerful. [an orb of fire]
 65441 | Zot:5    | Lost mutation: You are very dopey. (Int -4) [an orb of
                  | fire]
 65532 | Zot:3    | Noticed an Ice Fiend
 65556 | Zot:1    | Noticed Ucwin the pandemonium lord
 65665 | D:15     | Noticed a Brimstone Fiend
 65678 | D:15     | Killed a Brimstone Fiend
 65937 | D:4      | Noticed a Brimstone Fiend
 65959 | D:4      | Killed a Brimstone Fiend
 65996 | D:4      | Noticed Mikhuff the pandemonium lord
 66037 | D:$      | Escaped with the Orb!

Levels and vault maps discovered:
D:1:      dpeg_arrival_fog, layout_loops_ring
D:2:      layout_rooms, serial_rivers, chequers_serial_rivers_large_b,
          chequers_serial_rivers_room_b, chequers_serial_rivers_small_b,
          chequers_serial_rivers_micro_b, chequers_serial_rivers_marsh,
          chequers_serial_rivers_small_a
D:3:      layout_loops_ring, amcnicky_altar_gilded, nicolae_vehumet_radiance,
          mainiacjoe_overflow_tiny_flanked, ebering_ecumenical_altar_webs,
          serial_forest, infiniplex_forest_lined_3,
          infiniplex_forest_end_double, infiniplex_forest_straight_1,
          infiniplex_forest_straight_3, infiniplex_forest_lined_1, uniq_robin,
          uniq_grinder
D:4:      layout_cave_pods, minmay_temple_entry_from_below_a, serial_shops, shop
D:5:      layout_loops_ring, serial_bayou_pond_a, uniq_duvessa, uniq_sigmund,
          uniq_ijyb
D:6:      layout_layer_cave, kennysheep_mini, general_overflow_altar,
          minivault_10
D:7:      layout_basic, xom_shifter_show, hangedman_decor_points,
          nrook_mini_backslash, grunt_tough_drop
D:8:      layout_cave_pools, elyvilon_altar_4,
          mainiacjoe_overflow_large_starburst, nicolae_shop_sticking_my_neck_out
D:9:      minmay_chopped_fan, layout_small_grid, overflow_temple_1_default,
          minmay_orc_entry_temple_small, serial_shops, nicolae_shop_crystal,
          glass_columns_a, eino_house_with_fridge, uniq_harold, uniq_erolcha,
          uniq_maurice
D:10:     layout_basic
D:11:     layout_loops_ring, david_lair_generic,
          portal_ice_cave_entry_ice_simulacra
D:12:     layout_roguey, hellmonk_ghost_happy_afterlife, uniq_azrael,
          uniq_nessos
D:13:     layout_irregular_city, david_vaults_5, serial_shops, shop,
          nicolae_shop_self_help
D:14:     layout_rooms, infiniplex_staircase_hallway_doors, corexii_corridor_pit
D:15:     grunt_enter_depths_magical_seal, layout_basic, serial_bayou_pond_b,
          serial_shops, nicolae_shop_waterfront
Temple:   minmay_temple_bridge_abc
Lair:1:   layout_layer_cave
Lair:2:   layout_cave_shapes
Lair:3:   layout_cave_pods, minmay_swamp_entry_worms,
          minmay_snake_entry_six_corridors, lemuel_fruit_tree,
          infiniplex_staircase_pool_2
Lair:4:   layout_small_grid, serial_bayou_shore_a, uniq_urug, uniq_nergalle
Lair:5:   layout_gridlike, nicolae_slime_entry_slimehenge
Lair:6:   minmay_lair_end_enchanted_forest, layout_small_grid
Swamp:1:  layout_falls_marsh, evilmike_swamp_ruin_wall
Swamp:2:  layout_basic_swamp, evilmike_swamp_ruin_house_3, swamp_pool4
Swamp:3:  layout_basic_swamp, evilmike_swamp_ruin_house_4,
          infiniplex_staircase_pool, uniq_louise
Swamp:4:  swamp_vile, layout_basic_swamp, swamp_pool3
Snake:1:  layout_rooms, gammafunk_ghost_grave, uniq_frances
Snake:2:  layout_onion_interference, nicolae_snake_gridmaze_spiral,
          nicolae_take_the_stairs, nicolae_snake_magic_snake_eye
Snake:3:  layout_layer_cave, uniq_aizul, uniq_agnes, uniq_nikola
Snake:4:  grunt_snake_rune_spirals, layout_onion, serial_shops,
          nicolae_shop_temple_entry_statues_fountains
Orc:1:    layout_diamond_mine, serial_shops, shop
Orc:2:    grunt_orc_community_town_hall, layout_diamond_mine,
          grunt_orc_community_big_house_1, grunt_orc_community_big_house_1,
          grunt_orc_community_house_2, grunt_orc_community_house_3,
          grunt_orc_community_house_3, grunt_orc_community_house_2,
          gauntlet_entry_generic
Elf:1:    elf_arrival_001, layout_gridlike, hangedman_elven_crosses_minicolossus
Elf:2:    elven_hall_of_blades_hangedman_alternative
          [nooodl_blade_entry_preview], layout_rooms,
          nicolae_elf_big_sculpture_3
Elf:3:    minmay_elf_hall_statues, layout_loops_cross, ebering_ghost_xom
Vaults:1: vaults_room_semicircle, hangedman_vaults_maws, v_alt_pattern_4,
          v_misc_32, nicolae_vaults_little_squares_5,
          nicolae_vaults_border_crossing, vaults_dpeg_hooks, v_pattern_3,
          dpeg_vaults_monster_box, vaults_dpeg_encased_lava,
          vaults_room_corners, layout_vaults_chaotic_city
Vaults:2: nicolae_vaults_c_with_doors, v_alt_pattern_1,
          vaults_standard_mumra_enter_the_diamond, grunt_vaults_trifunnel,
          vaults_room_boxed, vaults_room_door_ring,
          nicolae_vaults_stairing_the_circle, v_rooms_2,
          hangedman_vaults_river_flow, ontoclasm_vaults_ligature,
          minmay_crypt_entry_necro_gods, v_misc_22, vaults_dpeg_ring,
          nicolae_vaults_diagonal_hallway_7, v_misc_17, layout_vaults_omnibox
Vaults:3: gammafunk_ghost_mausoleum, vaults_standard_mumra_enter_the_diamond,
          v_rooms_3, vaults_room_pool, vaults_room_fours,
          nicolae_vaults_sealed_display, v_misc_2, nicolae_vaults_circle_grid_a,
          layout_vaults_quadrants
Vaults:4: v_rooms_1, grunt_vaults_hallway_short, hangedman_vaults_locks,
          v_misc_8, v_alt_pattern_1, hangedman_vaults_stagger,
          nicolae_vaults_network_star, nicolae_vaults_network_square,
          nicolae_vaults_little_squares_2, nicolae_vaults_hallways_thing,
          ontoclasm_vaults_gateway, vaults_mumra_hexcomb,
          ontoclasm_vaults_shuriken, nicolae_vaults_specimen_jars,
          layout_vaults_omnicross, serial_shops, bzr_entry_safe
Vaults:5
Crypt:1:  layout_misc_corridors, grunt_megastairs_1
Crypt:2:  layout_chaotic_city, basic_altar, minmay_misc_feat_ornament,
          serial_sigils_hangedman_stare, nicolae_fountain_basement,
          uniq_saint_roka
Crypt:3:  lightli_unholy_cathedral, layout_chaotic_city,
          tomb_entry_sphere_bobbens
Tomb:1:   uniq_frederick
Depths:1: layout_forbidden_donut, abyss_entry, grunt_hell_entry_dis_grunt,
          biasface_ghost_demon_polymorph, kennysheep_big_empty_room,
          rand_demon_pan_entry_5, kennysheep_generic_room_8, uniq_asterion
Depths:2: minmay_the_grid_octo_tiled_squarecenter_mashed
          [minmay_the_grid_octo_odd_swirl, minmay_the_grid_octo_fan_narrow,
          minmay_the_grid_octo_clover_2, minmay_the_grid_octo_chip,
          minmay_the_grid_square_5x5_megaprize_diamond,
          minmay_the_grid_square_5x5_tri_point, minmay_the_grid_square_5x5_mess,
          minmay_the_grid_square_5x5_n, minmay_the_grid_square_5x5_three],
          layout_basic, lightli_too_deep, okawaru_trees_2, special_room
          [special_room_magic_class], pan_entry, abyss_entry
Depths:3: hellmonk_ruined_rings, layout_cave_pools, enter_ziggurat_c,
          hangedman_geh_valley, abyss_entry, nicolae_ru_sacrificial_ziggurat,
          serial_shops, nicolae_lakefront_shop, pan_entry
Depths:4: grunt_twist_and_shout, layout_cave_pools, columned_hall_lemuel,
          abyss_entry_crystal, hangedman_coc_ice_floe
Zot:1:    layout_gridville
Zot:2:    layout_gridlike
Zot:3:    layout_gridville, hangedman_feature_mirror
Zot:4:    layout_onion, hangedman_zot_decor_checkerboard, lemuel_golem_globe
Zot:5:    layout_concentric_octagons, st_stairs_1, guppyfry_library_mini

Action                   |  1- 3 |  4- 6 |  7- 9 | 10-12 | 13-15 | 16-18 | 19-21 | 22-24 | 25-27 || total
-------------------------+-------+-------+-------+-------+-------+-------+-------+-------+-------++-------
Melee: Short sword       |    26 |       |       |       |       |       |       |       |       ||    26
       Unarmed           |     1 |       |       |       |       |       |       |       |       ||     1
       Hand axe          |     5 |    87 |   148 |   558 |  1052 |       |       |       |       ||  1850
       Dagger            |       |    90 |   204 |   647 |   835 |       |       |       |       ||  1776
       Punch             |       |     4 |     6 |    40 |       |       |       |       |       ||    50
       Scimitar          |       |       |       |       |    41 |     4 |    43 |       |       ||    88
       Morningstar       |       |       |       |       |    10 |       |       |       |       ||    10
       Broad axe         |       |       |       |       |   544 |  1114 |  1666 |  2188 |  1701 ||  7213
Throw: Stone             |     5 |     2 |     5 |       |       |       |       |       |       ||    12
       Dart              |       |       |    13 |    39 |    35 |     5 |       |       |       ||    92
       Throwing net      |       |       |       |     1 |       |       |       |       |       ||     1
       Javelin           |       |       |       |       |    15 |    35 |     2 |       |     2 ||    54
 Cast: Magic Dart        |    85 |    52 |    22 |       |       |       |       |     4 |       ||   163
       Searing Ray       |       |       |     9 |       |       |       |       |       |       ||     9
       Dazzling Flash    |       |       |       |     6 |       |       |       |       |       ||     6
       Slow              |       |       |       |     2 |       |       |       |       |       ||     2
       Wereblood         |       |       |       |       |       |       |       |     8 |    15 ||    23
Invok: Heroism           |       |       |       |    18 |    22 |    20 |    20 |    27 |    38 ||   145
       Finesse           |       |       |       |     1 |       |     1 |       |     2 |     5 ||     9
 Abil: Hop               |     2 |     3 |     3 |     4 |     2 |     1 |       |       |     1 ||    16
Evoke: Wand              |       |       |    11 |     8 |     7 |     4 |     1 |       |       ||    31
       Condenser vane    |       |       |       |       |       |     1 |     1 |     1 |     2 ||     5
       Lightning rod     |       |       |       |       |       |       |     3 |       |       ||     3
       Tin of tremorston |       |       |       |       |       |       |     5 |     1 |       ||     6
       Phial of floods   |       |       |       |       |       |       |     1 |       |       ||     1
  Use: Scroll            |       |     7 |     7 |     7 |     9 |     4 |     1 |     5 |    10 ||    50
       Potion            |       |       |       |    11 |       |     1 |     3 |     2 |     5 ||    22
 Stab: Sleeping          |     1 |     2 |     1 |       |    10 |    11 |    29 |    13 |       ||    67
       Invisible         |       |       |       |     1 |       |       |       |       |       ||     1
       Held in net/web   |       |       |       |     1 |       |       |       |       |       ||     1
       Distracted        |       |       |       |       |     1 |     3 |     6 |     6 |       ||    16
       Confused          |       |       |       |       |       |       |     3 |       |     7 ||    10
Armor: Robe              |    19 |     5 |    55 |    93 |       |       |       |       |       ||   172
       Leather armour    |       |    59 |    40 |       |       |       |       |       |       ||    99
       Ring mail         |       |       |    28 |       |       |       |       |       |       ||    28
       Scale mail        |       |       |       |   241 |   913 |   300 |   525 |   117 |       ||  2096
       Plate armour      |       |       |       |       |       |       |       |    89 |       ||    89
       Crystal plate arm |       |       |       |       |       |       |       |   489 |   525 ||  1014
Dodge: Dodged            |    42 |   123 |   223 |   797 |  1636 |   693 |  1055 |   728 |   631 ||  5928
Block: Buckler           |       |       |       |       |   628 |   282 |   435 |       |       ||  1345
       Tower shield      |       |       |       |       |       |       |   519 |  2652 |  1985 ||  5156
